 Dungeon Crawl Stone Soup version 0.22.0-18-ge075c0d (webtiles) character file.

70 sw3dish the Chopper (level 4, -7/28 HPs)
             Began as a Gargoyle Gladiator on Aug 18, 2018.
             Killed by divine providence
             ... invoked by an orc priest
              (16 damage)
             ... on level 2 of the Dungeon.
             The game lasted 00:01:30 (1318 turns).

sw3dish the Chopper (Gargoyle Gladiator)            Turns: 1318, Time: 00:01:31

Health: -7/28      AC: 13    Str: 18    XL:     4   Next: 22%
Magic:  4/4        EV:  8    Int:  9    God:
Gold:   63         SH:  0    Dex: 11    Spells: 3/3 levels left

rFire    . . .     SeeInvis .   a - +0 war axe
rCold    . . .     Gourm    .   (no shield)
rNeg     + . .     Faith    .   j - +0 chain mail
rPois    ∞         Spirit   .   c - +0 helmet
rElec    +         Reflect  .   (no cloak)
rCorr    .         Harm     .   (no gloves)
MR       .....                  (no boots)
Stlth    ..........             (no amulet)
HPRegen  0.09/turn              (no ring)
MPRegen  0.09/turn              (no ring)

@: no status effects
A: negative energy resistance 1, electricity resistance, unbreathing,
petrification resistance, rot immunity, AC +3
a: no special abilities


You were on level 2 of the Dungeon.
You were very hungry.

You visited 1 branch of the dungeon, and saw 2 of its levels.

You collected 63 gold pieces.

Inventory:

Hand Weapons
 a - a +0 war axe (weapon)
Missiles
 d - 3 throwing nets (quivered)
Armour
 c - a +0 helmet (worn)
 j - a +0 chain mail (worn)
Scrolls
 i - a scroll of enchant weapon {unknown}
 k - 2 scrolls of teleportation
 l - a scroll of immolation {unknown}
 n - a scroll of remove curse {unknown}
Potions
 b - a potion of brilliance {unknown}
 e - a potion of ambrosia {unknown}
 g - a potion of curing {unknown}
 h - a potion of degeneration {unknown}
 m - a potion of resistance {unknown}
Comestibles
 f - 3 rations


   Skills:
 * Level 3.2 Fighting
 * Level 3.4 Axes
 - Level 1.7 Throwing
 + Level 1.3 Armour
 + Level 2.7 Dodging


You had 3 spell levels left.
You didn't know any spells.
Your spell library was empty.

Dungeon Overview and Level Annotations

Branches:
Dungeon (2/15)

Altars:


Innate Abilities, Weirdness & Mutations

You are resistant to torment.
Your stone body is resilient. (AC +3)
You are immune to poison.
You resist negative energy. (rN+)
You are resistant to electric shocks. (rElec)
You can survive without breathing.
You are immune to petrification.
You are immune to rotting.


Message History

You are too injured to fight recklessly!
You are too injured to fight recklessly!
Unknown command.
You are too injured to fight recklessly!
You are too injured to fight recklessly!
You slash the orc priest!
You kill the orc priest!
Your Fighting skill increases to level 3!
You have reached level 4!
You feel clever.
You hit the orc priest. You slash the orc!
You kill the orc!
The orc priest hits you with a morningstar.
The hobgoblin shouts!
You hit the orc priest.
The orc priest is moderately wounded.
The orc priest mumbles some strange prayers to Beogh against you.
Beogh smites you!
Ouch! That really hurt!
You die...

.#....# ##.## ..
.#.#### #..# ...
.#.. ##.## .# .###
#(.# .## .#
##.###########..# ..
#(...........#.## .
#..#########....##.
#.........###......
#)@.≈...≈..##......
#o)........$#.....#
#..........o#...#.#
#..........o#...#..
#...≈...≈..##..<...
g.........###...##.
##..#########.......
#............#.###.
.........###.#


You could see an orc priest and a hobgoblin.

Vanquished Creatures
  An orc priest (D:2)
  An adder (D:2)
  2 dart slugs
  3 leopard geckos (D:1)
  An orc (D:2)
  3 giant cockroaches
  2 goblins (D:1)
  2 hobgoblins
  2 bats
  2 frilled lizards (D:1)
  4 kobolds
  3 rats (D:1)
26 creatures vanquished.

Notes
Turn   | Place    | Note
-------+----------+-------------------------------------------
     0 | D:1      | sw3dish the Gargoyle Gladiator began the quest for the Orb.
     0 | D:1      | Reached XP level 1. HP: 12/12 MP: 1/1
   170 | D:1      | Reached XP level 2. HP: 18/18 MP: 2/2
   853 | D:2      | Reached XP level 3. HP: 20/22 MP: 3/3
  1016 | D:2      | Reached skill level 1 in Armour
  1317 | D:2      | Reached XP level 4. HP: 12/28 MP: 4/4
  1318 | D:2      | Killed from afar by an orc priest

Skill      XL: |  1  2  3 |
---------------+----------+-----
Axes           | 3 |  3.4
Armour         | 1 |  1.3
Fighting       | 3 |  3.2
Throwing       | |  1.7
Dodging        | |  2.7

Action                   |  1- 3 |  4- 6 || total
-------------------------+-------+-------++-------
Melee: War axe           |    86 |     1 ||    87
  Use: Scroll            |     1 |       ||     1
Armor: Leather armour    |    21 |       ||    21
       Chain mail        |    25 |       ||    25
Dodge: Dodged            |    53 |       ||    53
